[ AOE2 MATCH · #513670064 ]
UnrankedSpanish vs Sicilians
Player's team · LOSS
[ REPLAY ANALYSIS · EXTRACTED FROM THE RECORDED GAME ]
Feudal
10:47
Castle
42:47
Imperial
—
| APM avg | 55.5 |
| APM peak | 85 |
| eAPM avg | 20.9 |
| Villagers / military | 48 / 24 |
Focus
⚔️ 17.7% · 🌾 82.3%
Archer ×12 · Mangonel ×5 · Conquistador ×4 · Knight ×2 · Monk ×1
Feudal
33:48
Castle
42:01
Imperial
—
| APM avg | 35.0 |
| APM peak | 117 |
| eAPM avg | 14.9 |
| Villagers / military | 121 / 76 |
Focus
⚔️ 31.2% · 🌾 68.8%
Skirmisher ×29 · Knight ×15 · Serjeant ×13 · Mangonel ×8 · Militia ×7 · Battering Ram ×3
Match map
Initial resources + every placement click. Lines = walls · curves = elevation contours. ◆ gold · ⬟ stone · ● berries · ✦ relic · ◌ wall gap
Your base· Open — 2t gap
CasparsHomie's base· Open — 12t gap
Smoothed initial terrain · ◌ = detected wall gap · hover for details
Inputs per minute
— Leon - - CasparsHomie
Build order — Leon
146 actions detected in the replay
| 0:01 | queue | Villager (Male) |
| 0:01 | queue | Villager (Male) |
| 0:02 | Build | House |
| 0:03 | Build | House |
| 0:04 | Build | House |
| 0:10 | Research | Loom |
| 0:42 | queue | Villager (Male) |
| 0:42 | queue | Villager (Male) |
| 0:58 | queue | Villager (Male) |
| 2:04 | queue | Villager (Male) |
| 2:04 | queue | Villager (Male) |
| 2:22 | queue | Villager (Male) |
| 2:22 | queue | Villager (Male) |
| 2:54 | queue | Villager (Male) |
| 3:16 | queue | Villager (Male) |
| 3:16 | queue | Villager (Male) |
| 3:39 | queue | Villager (Male) |
| 3:40 | queue | Villager (Male) |
| 3:44 | queue | Villager (Male) |
| 3:44 | queue | Villager (Male) |
| 3:54 | Build | Lumber Camp |
| 5:10 | queue | Villager (Male) |
| 5:11 | queue | Villager (Male) |
| 5:11 | queue | Villager (Male) |
| 5:11 | queue | Villager (Male) |
| 5:12 | queue | Villager (Male) |
| 5:13 | queue | Villager (Male) |
| 5:20 | queue | Villager (Male) |
| 5:20 | queue | Villager (Male) |
| 5:35 | queue | Villager (Male) |
| 5:36 | queue | Villager (Male) |
| 6:31 | Build | Mill |
| 7:32 | Build | Mill |
| 8:40 | Research | Feudal Age |
| 10:47 | Age | Feudal Age |
| 11:11 | queue | Villager (Male) |
| 11:21 | queue | Villager (Male) |
| 12:47 | Build | Lumber Camp |
| 14:14 | Build | Lumber Camp |
| 15:00 | Build | Watch Tower |
| 18:15 | Build | Lumber Camp |
| 18:26 | Build | Palisade Wall |
| 18:45 | Build | Palisade Wall |
| 18:47 | Build | Palisade Wall |
| 18:51 | Build | House |
| 20:01 | Build | Mining Camp |
| 20:06 | Build | Mining Camp |
| 21:08 | Build | Lumber Camp |
| 24:09 | Build | Town Center |
| 24:56 | queue | Villager (Male) |
| 24:56 | queue | Villager (Male) |
| 24:56 | queue | Villager (Male) |
| 24:57 | queue | Villager (Male) |
| 25:01 | Build | House |
| 25:17 | queue | Villager (Male) |
| 25:19 | Research | Double-Bit Axe |
| 25:20 | Research | Double-Bit Axe |
| 25:28 | Build | House |
| 25:35 | queue | Villager (Male) |
| 25:55 | Build | Barracks |
| 25:59 | queue | Villager (Male) |
| 26:30 | Build | Palisade Wall |
| 26:33 | Build | Palisade Wall |
| 26:52 | Build | Archery Range |
| 27:00 | Build | Archery Range |
| 27:04 | queue | Villager (Male) |
| 27:04 | queue | Villager (Male) |
| 27:23 | Build | House |
| 27:29 | queue | Archer |
| 27:56 | Build | House |
| 27:57 | Build | House |
| 28:04 | queue | Archer |
| 28:28 | queue | Archer |
| 30:48 | Build | Town Center |
| 31:25 | Build | House |
| 31:33 | Build | House |
| 31:40 | Build | Palisade Wall |
| 31:50 | Build | Palisade Wall |
| 31:52 | Build | Palisade Wall |
| 32:10 | Build | Archery Range |
| 32:21 | Build | House |
| 32:39 | Build | Blacksmith |
| 32:43 | queue | Archer |
| 32:44 | queue | Archer |
| 32:59 | Build | House |
| 33:29 | Build | Market |
| 33:42 | queue | Archer |
| 33:51 | Build | Palisade Wall |
| 34:30 | Research | Fletching |
| 34:34 | queue | Archer |
| 35:15 | queue | Archer |
| 35:38 | Build | Farm |
| 35:41 | Build | Farm |
| 35:45 | Build | Farm |
| 35:47 | Build | Farm |
| 35:51 | Build | Farm |
| 36:21 | queue | Archer |
| 36:21 | queue | Archer |
| 36:33 | Build | Lumber Camp |
| 37:07 | queue | Archer |
| 38:12 | Build | Farm |
| 38:13 | Build | Farm |
| 38:28 | Build | Farm |
| 40:07 | Research | Castle Age |
| 40:08 | Research | Castle Age |
| 40:34 | Build | Mining Camp |
| 40:54 | queue | Archer |
| 41:53 | Research | Stone Mining |
| 42:47 | Age | Castle Age |
| 43:02 | Build | Castle |
| 43:21 | queue | Villager (Male) |
| 43:21 | queue | Villager (Male) |
| 43:54 | queue | Conquistador |
| 43:54 | queue | Conquistador |
| 44:01 | Build | Lumber Camp |
| 44:18 | queue | Conquistador |
| 44:18 | queue | Conquistador |
| 44:44 | queue | Villager (Male) |
| 46:29 | Build | Town Center |
| 46:57 | Build | Stone Wall |
| 48:05 | Build | Farm |
| 48:06 | Build | Farm |
| 48:12 | Build | Farm |
| 48:22 | queue | Villager (Male) |
| 48:22 | queue | Villager (Male) |
| 49:05 | Build | Siege Workshop |
| 49:29 | queue | Mangonel |
| 49:33 | Build | Farm |
| 50:05 | queue | Mangonel |
| 50:12 | Build | Stable |
| 51:26 | queue | Knight |
| 51:51 | Build | Siege Workshop |
| 52:03 | queue | Knight |
| 52:29 | queue | Mangonel |
| 52:34 | Build | House |
| 52:35 | Build | House |
| 52:59 | Build | Monastery |
| 53:29 | queue | Monk |
| 55:02 | queue | Villager (Male) |
| 55:03 | queue | Villager (Male) |
| 55:55 | queue | Mangonel |
| 56:38 | queue | Mangonel |
| 57:10 | queue | Villager (Male) |
| 57:10 | queue | Villager (Male) |
| 57:10 | queue | Villager (Male) |
| 57:12 | queue | Villager (Male) |
Build order — CasparsHomie
First 150 of 394 actions detected
| 0:01 | queue | Villager (Male) |
| 0:01 | queue | Villager (Male) |
| 0:02 | queue | Villager (Male) |
| 0:02 | queue | Villager (Male) |
| 0:02 | Build | House |
| 0:06 | Build | House |
| 1:39 | queue | Villager (Male) |
| 1:46 | Build | Lumber Camp |
| 1:52 | Build | Lumber Camp |
| 1:58 | queue | Villager (Male) |
| 1:58 | queue | Villager (Male) |
| 2:06 | Build | Lumber Camp |
| 2:12 | queue | Villager (Male) |
| 2:57 | queue | Villager (Male) |
| 2:57 | queue | Villager (Male) |
| 2:58 | queue | Villager (Male) |
| 3:22 | queue | Villager (Male) |
| 3:30 | Build | House |
| 4:17 | queue | Villager (Male) |
| 4:17 | queue | Villager (Male) |
| 4:25 | Research | Loom |
| 4:44 | queue | Villager (Male) |
| 5:12 | queue | Villager (Male) |
| 5:39 | queue | Villager (Male) |
| 6:01 | queue | Villager (Male) |
| 7:20 | queue | Villager (Male) |
| 7:44 | Build | Town Center |
| 7:51 | Build | Palisade Wall |
| 7:57 | Build | Palisade Wall |
| 8:21 | queue | Villager (Male) |
| 8:22 | queue | Villager (Male) |
| 8:45 | Build | Palisade Wall |
| 8:49 | Build | House |
| 8:57 | Build | Palisade Wall |
| 9:01 | Build | Palisade Wall |
| 9:03 | Build | Palisade Wall |
| 9:07 | Build | Palisade Wall |
| 10:49 | Build | Palisade Wall |
| 12:05 | queue | Villager (Male) |
| 13:12 | Build | Town Center |
| 13:39 | Build | Mill |
| 13:47 | Build | Palisade Wall |
| 14:15 | Build | Palisade Wall |
| 14:27 | queue | Villager (Male) |
| 14:35 | Build | House |
| 14:40 | Build | Palisade Wall |
| 14:47 | Build | Palisade Wall |
| 16:12 | Build | Town Center |
| 17:21 | queue | Villager (Male) |
| 17:41 | queue | Villager (Male) |
| 18:04 | queue | Villager (Male) |
| 18:31 | Build | House |
| 18:34 | queue | Villager (Male) |
| 19:18 | queue | Villager (Male) |
| 19:19 | queue | Villager (Male) |
| 19:40 | Build | House |
| 19:47 | Build | House |
| 19:57 | Build | House |
| 20:00 | queue | Villager (Male) |
| 20:01 | queue | Villager (Male) |
| 20:04 | Build | Farm |
| 20:05 | Build | Farm |
| 20:05 | Build | Farm |
| 20:05 | Build | Farm |
| 20:12 | Build | House |
| 20:19 | Build | Palisade Wall |
| 20:22 | Build | Palisade Wall |
| 20:54 | queue | Villager (Male) |
| 20:59 | Build | Barracks |
| 21:23 | queue | Villager (Male) |
| 21:24 | queue | Villager (Male) |
| 21:25 | queue | Villager (Male) |
| 21:43 | queue | Villager (Male) |
| 21:47 | Build | Farm |
| 21:48 | queue | Militia |
| 21:48 | queue | Militia |
| 22:11 | Build | Mining Camp |
| 22:24 | Build | House |
| 22:48 | Build | House |
| 23:03 | queue | Militia |
| 23:21 | queue | Villager (Male) |
| 23:22 | queue | Militia |
| 23:26 | queue | Villager (Male) |
| 23:29 | Build | Farm |
| 23:29 | Build | Farm |
| 23:29 | Build | Farm |
| 23:30 | Build | Farm |
| 23:32 | Build | House |
| 23:46 | queue | Militia |
| 24:02 | Build | Farm |
| 24:08 | queue | Villager (Male) |
| 24:18 | Build | Farm |
| 24:26 | queue | Militia |
| 24:59 | Build | Lumber Camp |
| 25:45 | Build | Mining Camp |
| 26:03 | queue | Villager (Male) |
| 26:03 | queue | Villager (Male) |
| 26:04 | queue | Villager (Male) |
| 27:28 | Build | Town Center |
| 27:34 | Build | Town Center |
| 27:37 | Build | Town Center |
| 27:45 | Build | Town Center |
| 27:52 | Build | Town Center |
| 28:21 | Build | House |
| 28:22 | Build | House |
| 28:23 | Build | House |
| 28:28 | Build | House |
| 28:29 | Build | Palisade Wall |
| 28:30 | Build | Palisade Wall |
| 28:44 | Build | Farm |
| 28:44 | Build | Farm |
| 28:45 | Build | Farm |
| 28:46 | Build | Farm |
| 28:49 | Build | Farm |
| 29:05 | queue | Villager (Male) |
| 29:06 | queue | Villager (Male) |
| 29:06 | queue | Villager (Male) |
| 29:14 | Build | Mill |
| 29:18 | Build | Farm |
| 31:38 | Research | Feudal Age |
| 31:38 | Research | Feudal Age |
| 32:10 | Build | Mining Camp |
| 33:05 | Build | Outpost |
| 33:09 | Build | Outpost |
| 33:21 | queue | Villager (Male) |
| 33:22 | queue | Villager (Male) |
| 33:48 | Age | Feudal Age |
| 33:54 | Build | Donjon |
| 34:11 | Build | Donjon |
| 34:26 | Build | Blacksmith |
| 34:31 | Build | Market |
| 34:35 | queue | Villager (Male) |
| 34:36 | queue | Villager (Male) |
| 34:52 | Build | Palisade Wall |
| 34:55 | queue | Villager (Male) |
| 35:02 | queue | Serjeant |
| 35:03 | queue | Serjeant |
| 35:10 | queue | Serjeant |
| 35:32 | queue | Villager (Male) |
| 35:38 | Build | Palisade Wall |
| 35:41 | Research | Scale Mail Armor |
| 35:46 | Research | Arson |
| 35:54 | Build | Donjon |
| 36:04 | queue | Villager (Male) |
| 36:04 | queue | Villager (Male) |
| 36:08 | queue | Serjeant |
| 36:08 | queue | Serjeant |
| 36:39 | queue | Villager (Male) |
| 36:47 | Build | Farm |
| 36:52 | queue | Villager (Male) |
Match timeline
| 7:51 | CasparsHomie · wall_segment Palisade Wall x1 |
| 7:57 | CasparsHomie · wall_segment Palisade Wall x1 |
| 8:45 | CasparsHomie · wall_segment Palisade Wall x1 |
| 8:57 | CasparsHomie · wall_segment Palisade Wall x1 |
| 9:01 | CasparsHomie · wall_segment Palisade Wall x1 |
| 9:03 | CasparsHomie · wall_segment Palisade Wall x1 |
| 9:07 | CasparsHomie · wall_segment Palisade Wall x1 |
| 10:47 | Leon · age_up feudal |
| 10:49 | CasparsHomie · wall_segment Palisade Wall x8 |
| 13:47 | CasparsHomie · wall_segment Palisade Wall x1 |
| 14:15 | CasparsHomie · wall_segment Palisade Wall x1 |
| 14:40 | CasparsHomie · wall_segment Palisade Wall x2 |
| 14:47 | CasparsHomie · wall_segment Palisade Wall x1 |
| 18:26 | Leon · wall_segment Palisade Wall x4 |
| 18:45 | Leon · wall_segment Palisade Wall x1 |
| 18:47 | Leon · wall_segment Palisade Wall x1 |
| 20:19 | CasparsHomie · wall_segment Palisade Wall x5 |
| 20:22 | CasparsHomie · wall_segment Palisade Wall x7 |
| 20:59 | CasparsHomie · first_building Barracks |
| 25:55 | Leon · first_building Barracks |
| 26:30 | Leon · wall_segment Palisade Wall x1 |
| 26:33 | Leon · wall_segment Palisade Wall x1 |
| 26:52 | Leon · first_building Archery Range |
| 28:29 | CasparsHomie · wall_segment Palisade Wall x1 |
| 28:30 | CasparsHomie · wall_segment Palisade Wall x1 |
| 31:40 | Leon · wall_segment Palisade Wall x1 |
| 31:50 | Leon · wall_segment Palisade Wall x2 |
| 31:52 | Leon · wall_segment Palisade Wall x3 |
| 33:48 | CasparsHomie · age_up feudal |
| 33:51 | Leon · wall_segment Palisade Wall x1 |
| 33:54 | CasparsHomie · first_building Donjon |
| 34:28 | Leon · first_market_buy 100 food |
| 34:52 | CasparsHomie · wall_segment Palisade Wall x8 |
| 35:38 | CasparsHomie · wall_segment Palisade Wall x6 |
| 36:58 | CasparsHomie · wall_segment Palisade Wall x7 |
| 37:03 | CasparsHomie · wall_segment Palisade Wall x1 |
| 37:04 | CasparsHomie · wall_segment Palisade Wall x1 |
| 38:49 | Leon · first_market_sell 100 wood |
| 38:55 | CasparsHomie · first_market_sell 100 stone |
| 38:58 | CasparsHomie · first_market_buy 100 food |
| 40:48 | CasparsHomie · wall_segment Palisade Wall x1 |
| 40:49 | CasparsHomie · wall_segment Palisade Wall x1 |
| 40:51 | CasparsHomie · wall_segment Palisade Wall x1 |
| 40:57 | CasparsHomie · wall_segment Palisade Wall x7 |
| 42:01 | CasparsHomie · age_up castle |
| 42:13 | CasparsHomie · first_building Siege Workshop |
| 42:47 | Leon · age_up castle |
| 43:02 | Leon · first_building Castle |
| 43:22 | CasparsHomie · wall_segment Palisade Wall x1 |
| 45:30 | CasparsHomie · first_building Archery Range |
| 46:57 | Leon · wall_segment Stone Wall x5 |
| 47:16 | CasparsHomie · first_building Monastery |
| 49:05 | Leon · first_building Siege Workshop |
| 49:12 | CasparsHomie · wall_segment Palisade Wall x1 |
| 49:14 | CasparsHomie · wall_segment Palisade Wall x1 |
| 49:14 | CasparsHomie · wall_segment Palisade Wall x1 |
| 50:12 | Leon · first_building Stable |
| 52:21 | CasparsHomie · wall_segment Palisade Wall x6 |
| 52:59 | Leon · first_building Monastery |
| 53:25 | CasparsHomie · first_building Stable |
| 59:03 | Leon · resign |
[ AI ANALYSIS · 1 CREDIT ]
What really happened in this match?
Wolo.gg analyzes every decision: build order, eco, micro, common mistakes by bracket. Personalized analysis on WhatsApp or Discord in 30 seconds.
Civ guide
Spanish
Perfil
Jugador #4674295